 Seeded DCSS version 0.27-a0-1191-g601b473118 (webtiles) character file.

Game seed: 1801985361935138449 (custom seed)

7618 flotson the Covert (level 11, 0/193 (199) HPs)
             Began as a Gnoll Delver on May 25, 2021.
             Was an Elder of Okawaru.
             Succumbed to a kobold brigand's poison
             ... on level 10 of the Dungeon.
             The game lasted 00:30:57 (14222 turns).

flotson the Covert (Gnoll Delver)                  Turns: 14222, Time: 00:30:57

HP:   0/193 (199)   AC: 25    Str: 14    XL:     11   Next: 18%
MP:   9/20          EV:  2    Int: 11    God:    Okawaru [****..]
Gold: 473           SH:  0    Dex: 13    Spells: 12/22 levels left

rFire    . . .     SeeInvis .   a - +3 quarterstaff (chaos)
rCold    . . .     Faith    .   (shield currently unavailable)
rNeg     + + +     Spirit   +   (armour currently unavailable)
rPois    +         Reflect  .   (helmet currently unavailable)
rElec    .         Harm     .   (cloak currently unavailable)
rCorr    .         Rampage  .   (gloves currently unavailable)
Will     .....     NoTele   +   (boots currently unavailable)
Stlth    ..........             z - amulet of guardian spirit
HPRegen  0.42/turn              j - ring of positive energy
MPRegen  0.17/turn              K - ring of wizardry

@: mighty, berserking, lethally poisoned (0 -> -10), tree-form, lightly drained,
very quick
A: stationary, stasis, torment immunity, boosted hp, (fangs 1), strong nose,
distributed training
a: Renounce Religion, Heroism


You were on level 10 of the Dungeon.
You worshipped Okawaru.
Okawaru was greatly pleased with you.
You were a tree.
You visited 2 branches of the dungeon, and saw 11 of its levels.

You collected 557 gold pieces.
You spent 84 gold pieces at shops.

Inventory:

Hand Weapons
 a - a +3 quarterstaff of chaos (weapon)
 b - a +6 hunting sling of flaming
 c - a +4 trident of freezing
Missiles
 i - 330 stones
 y - 61 poisoned darts (quivered)
 D - 4 atropa-tipped darts
 G - 2 javelins
 H - 41 sling bullets
Armour
 f - a +0 pair of boots (melded)
 l - a +0 scale mail of willpower
 B - a +0 cloak (melded)
 M - +0 acid dragon scales (melded)
Jewellery
 j - a ring of positive energy (left branch)
 t - a ring of fire
 z - an amulet of guardian spirit (around neck)
 K - a ring of wizardry (right branch)
Wands
 g - a wand of digging (6)
 I - a wand of mindburst (3)
 J - a wand of paralysis (13)
Scrolls
 d - a scroll of vulnerability {unknown}
 h - a scroll of fog
 m - a scroll of summoning {unknown}
 n - a scroll of enchant weapon {unknown}
 q - 2 scrolls of noise
 v - a scroll of teleportation {unknown}
 w - a scroll of acquirement {unknown}
 x - a scroll of amnesia
 C - a scroll of silence {unknown}
 F - a scroll of immolation
 L - a scroll of brand weapon {unknown}
 O - a scroll of fear
Potions
 e - 2 potions of resistance
 o - a potion of mutation
 r - 4 potions of flight
 s - a potion of brilliance
 u - 3 potions of attraction
 N - a potion of lignification
 Q - a potion of cancellation


   Skills:
 + Level 9.0 Fighting
 + Level 6.0 Short Blades
 + Level 6.0 Long Blades
 + Level 6.0 Axes
 + Level 6.0 Maces & Flails
 + Level 7.6 Polearms
 + Level 6.0 Staves
 + Level 6.0 Slings
 + Level 6.0 Bows
 + Level 6.0 Crossbows
 + Level 6.0 Throwing
 + Level 6.0 Armour
 + Level 7.6 Dodging
 + Level 11.1 Stealth
 + Level 6.0 Shields
 + Level 6.0 Unarmed Combat
 + Level 6.0 Spellcasting
 + Level 5.0 Conjurations
 + Level 5.0 Hexes
 + Level 5.0 Summonings
 + Level 5.0 Necromancy
 + Level 5.0 Translocations
 + Level 5.0 Transmutations
 + Level 5.0 Fire Magic
 + Level 5.0 Ice Magic
 + Level 5.0 Air Magic
 + Level 5.0 Earth Magic
 + Level 5.0 Poison Magic
 + Level 6.6 Invocations
 + Level 6.0 Evocations


You had 12 spell levels left.
You knew the following spells:

 Your Spells              Type           Power      Damage    Failure   Level
a - Summon Small Mammal   Summ           56%        N/A       1%          1
b - Call Canine Familiar  Summ           14%        N/A       3%          3
c - Spider Form           Tmut/Pois      7%         N/A       3%          3
d - Apportation           Tloc           28%        N/A       1%          1
e - Call Imp              Summ           14%        N/A       1%          2

Your spell library contained the following spells:

 Spells                   Type           Power      Damage    Failure   Level
 Animate Skeleton         Necr           28%        N/A       1%          1
 Beastly Appendage        Tmut           28%        N/A       1%          1
 Corona                   Hex            15%        N/A       1%          1
 Magic Dart               Conj           56%        1d5       1%          1
 Searing Ray              Conj           28%        3d4       1%          2
 Wereblood                Tmut           14%        N/A       1%          2
 Dazzling Flash           Conj/Hex       28%        N/A       3%          3
 Summon Guardian Golem    Hex/Summ       14%        N/A       3%          3
 Fulminant Prism          Conj/Hex       7%         3d7       10%         4
 Ice Form                 Ice/Tmut       14%        N/A       10%         4
 Iskenderun's Mystic Bla  Conj/Tloc      14%        2d5       10%         4
 Summon Ice Beast         Ice/Summ       14%        N/A       10%         4
 Summon Lightning Spire   Summ/Air       14%        N/A       10%         4
 Hydra Form               Tmut           7%         N/A       26%         5


Dungeon Overview and Level Annotations

Branches:
Dungeon (10/15)            Temple (1/1) D:5
   Lair: D:8-11         Orc: D:9-12

Altars:
Ashenzari
Cheibriados
Dithmenos
Fedhas
Gozag
Hepliaklqana
Kikubaaqudgha
Nemelex Xobeh
Okawaru
Qazlal
Sif Muna
Trog
Xom
Yredelemnul

Shops:
D:3 !   D:7 (

Annotations:
D:4 1 runed translucent door, spiderkeys's ghost, novice HOMo
D:10 2 transporters, math4jedi's ghost, journeyman MiGl


Innate Abilities, Weirdness & Mutations

You are a tree.
Your roots penetrate the ground, keeping you stationary.
You cannot be teleported.
You are immune to unholy pain and torment.
Your maximum health is greatly increased.
Your equipment is partially melded.
((You have very sharp teeth.))
Your uncanny sense of smell can sniff out nearby items.
Your experience applies equally to all skills.


Message History

The kobold brigand hits your kobold zombie with a +0 dagger.
You feel sick.
The kobold brigand hits your kobold zombie with a +0 club!
Your kobold zombie is destroyed!
The kobold brigand throws a poisoned dart.
The poisoned dart hits you!
You are more poisoned.
* * * LOW HITPOINT WARNING * * *
You feel very sick.
You feel very sick.
You feel very sick.
You feel sick.
You feel sick.
You feel sick.
You feel sick.
You feel sick.
You feel sick.
You feel sick.
You feel sick.
You are no longer poisoned.
The kobold brigand throws a poisoned dart.
The poisoned dart hits you!
You are lethally poisoned!
* * * LOW HITPOINT WARNING * * *
You feel sick.
The kobold brigand throws a poisoned dart.
The poisoned dart hits you!
You are more poisoned.
Really quaff the potion of lignification?
You turn into a tree.
Your +0 cloak melds into your body.
Your +0 pair of boots melds into your body.
Your +0 acid dragon scales melds into your body.
Your roots penetrate the ground.
* * * LOW HITPOINT WARNING * * *
You feel very sick.
The kobold brigand throws a poisoned dart.
The poisoned dart hits you!
A red film seems to cover your vision as you go berserk!
You feel yourself moving faster!
You feel mighty!
You die...

......##......######....##.#
###
#########[...........##.#
#.#..........##.# ∆
#.#........####.#
#>#####....# #.# ∆#.#
###....# #.# ∆#####......#
#.# ∆#...#......####.#
∆#..♣'..........># ######
#######...#...#########
#....###.#.......#####
#.##..##.#.......#####
#.##..#..............#
...#..#..............#
...#.....KK#..≈......#....#
...........#.....#####....#
...........#.....#####....


You could see 2 kobold brigands.

Vanquished Creatures
  A two-headed ogre (D:9)
  Nergalle (D:10)
  Pikel (D:7)
  A wolf spider (shapeshifter) (D:8)
  Joseph (D:7)
  A troll (D:9)
  A wraith (D:9)
  A vampire (D:10)
  2 yaks (D:9)
  A steam dragon (D:5)
  A water moccasin (D:6)
  Duvessa (D:6)
  2 acid dragons (D:9)
  2 ice beasts
  2 orc warriors
  A sky beast (D:6)
  A black bear (D:6)
  2 necrophages (D:6)
  A centaur (D:5)
  5 ogres
  A wolf (D:8)
  3 kobold brigands
  2 bullfrogs
  Blork the orc (D:6)
  A gnoll sergeant (D:4)
  A scorpion (D:4)
  Dowan (D:6)
  A water moccasin skeleton (D:6)
  11 killer bees
  6 wights (D:8)
  7 howler monkeys
  3 electric eels (D:9)
  2 centaur zombies
  A hound (D:5)
  A jelly (D:6)
  Crazy Yiuf (D:5)
  3 orc priests
  3 bullfrog skeletons
  2 iguanas
  Terence (D:3)
  3 orc wizards
  A killer bee zombie (D:8)
  A centaur simulacrum (D:9)
  3 hound skeletons (D:4)
  2 howler monkey zombies
  5 adders
  6 gnolls
  A shadow imp (D:7)
  3 white imps
  2 howler monkey simulacra (D:9)
  An ufetubus (D:4)
  2 adder skeletons
  A worm (D:2)
  12 dart slugs
  16 orcs
  7 ball pythons
  6 endoplasms
  5 giant cockroaches
  8 goblins
  8 hobgoblins
  4 jackals (D:2)
  26 kobolds
  A quokka (D:5)
  2 bats (D:2)
  3 frilled lizards
  7 rats
217 creatures vanquished.

Vanquished Creatures (others)
  An ufetubus (D:9)
  2 fungi (D:5)
  2 plants (D:1)
  5 toadstools (D:1)
10 creatures vanquished.

Grand Total: 227 creatures vanquished

Notes
Turn   | Place    | Note
-------+----------+-------------------------------------------
     0 | D:5      | Reached skill level 9 in Stealth
     0 | D:5      | flotson the Gnoll Delver began the quest for the Orb.
     0 | D:5      | Reached XP level 1. HP: 23/23 MP: 1/1
   123 | D:5      | Reached XP level 2. HP: 27/29 MP: 2/2
   179 | D:5      | Noticed a steam dragon
   208 | D:5      | Noticed an ogre
   225 | D:5      | Learned a level 1 spell: Summon Small Mammal
   572 | D:5      | Noticed a gnoll sergeant
   608 | D:4      | Reached XP level 3. HP: 10/32 MP: 2/4
   832 | D:4      | Killed a gnoll sergeant
   833 | D:4      | Reached skill level 1 in Short Blades
   833 | D:4      | Reached skill level 1 in Long Blades
   833 | D:4      | Reached skill level 1 in Axes
   833 | D:4      | Reached skill level 1 in Maces & Flails
   833 | D:4      | Reached skill level 1 in Staves
   833 | D:4      | Reached skill level 1 in Slings
   833 | D:4      | Reached skill level 1 in Bows
   833 | D:4      | Reached skill level 1 in Crossbows
   833 | D:4      | Reached skill level 1 in Throwing
   833 | D:4      | Reached skill level 1 in Armour
   833 | D:4      | Reached skill level 1 in Shields
   833 | D:4      | Reached skill level 1 in Unarmed Combat
   833 | D:4      | Reached skill level 1 in Spellcasting
   833 | D:4      | Reached skill level 1 in Conjurations
   833 | D:4      | Reached skill level 1 in Hexes
   833 | D:4      | Reached skill level 1 in Summonings
   833 | D:4      | Reached skill level 1 in Necromancy
   833 | D:4      | Reached skill level 1 in Translocations
   833 | D:4      | Reached skill level 1 in Transmutations
   833 | D:4      | Reached skill level 1 in Fire Magic
   833 | D:4      | Reached skill level 1 in Ice Magic
   833 | D:4      | Reached skill level 1 in Air Magic
   833 | D:4      | Reached skill level 1 in Earth Magic
   833 | D:4      | Reached skill level 1 in Poison Magic
   833 | D:4      | Reached skill level 1 in Invocations
   833 | D:4      | Reached skill level 1 in Evocations
   833 | D:4      | Reached XP level 4. HP: 7/41 MP: 5/5
  1272 | D:4      | Noticed a scorpion
  1281 | D:4      | Killed a scorpion
  1282 | D:4      | Reached XP level 5. HP: 38/47 MP: 5/7
  1398 | D:4      | Found a runed translucent door.
  1399 | D:4      | Noticed an orc warrior
  1400 | D:4      | Noticed spiderkeys's ghost (novice HOMo)
  1727 | D:5      | Found a staircase to the Ecumenical Temple.
  1736 | Temple   | Entered the Ecumenical Temple
  1743 | Temple   | Became a worshipper of Warmaster Okawaru
  1806 | D:5      | Reached XP level 6. HP: 53/53 MP: 8/8
  1830 | D:5      | Reached skill level 5 in Polearms
  1830 | D:5      | Reached skill level 5 in Dodging
  2233 | D:5      | Reached * piety under Okawaru
  2435 | D:3      | Noticed Terence
  2456 | D:3      | Killed Terence
  2574 | D:3      | Reached XP level 7. HP: 59/59 MP: 10/10
  2867 | D:1      | Found a faded altar of an unknown god.
  4250 | D:3      | Found Yrghucw's Distillery.
  4260 | D:3      | Bought a potion of degeneration for 14 gold pieces
  4260 | D:3      | Bought a potion of heal wounds for 70 gold pieces
  6111 | D:5      | Killed a steam dragon
  6405 | D:5      | Found a runed translucent door.
  6406 | D:5      | Noticed Crazy Yiuf
  6411 | D:5      | Killed Crazy Yiuf
  6412 | D:5      | Reached skill level 10 in Stealth
  6507 | D:5      | Reached XP level 8. HP: 35/67 MP: 12/12
  7042 | D:6      | Noticed Blork the orc
  7042 | D:6      | Noticed Dowan
  7303 | D:6      | Noticed Duvessa
  7717 | D:6      | Found a snail-covered altar of Cheibriados.
  7773 | D:6      | Killed Blork the orc
  7773 | D:6      | Reached ** piety under Okawaru
  8111 | D:6      | Killed Duvessa
  8118 | D:6      | Killed Dowan
  8339 | D:6      | Reached XP level 9. HP: 69/72 MP: 14/14
  9535 | D:7      | Reached *** piety under Okawaru
  9825 | D:7      | Received a gift from Okawaru
  9956 | D:7      | Noticed Joseph
  9972 | D:7      | Killed Joseph
  9972 | D:7      | Reached **** piety under Okawaru
  9973 | D:7      | Reached skill level 5 in Invocations
 10232 | D:7      | Received a gift from Okawaru
 10241 | D:7      | Noticed Pikel
 10252 | D:7      | Killed Pikel
 10253 | D:7      | Reached XP level 10. HP: 65/80 MP: 15/17
 10428 | D:7      | Found Iteyrgho's Antique Weapon Shop.
 10577 | D:8      | Learned a level 3 spell: Call Canine Familiar
 10581 | D:8      | Learned a level 3 spell: Spider Form
 10583 | D:8      | Learned a level 1 spell: Apportation
 10586 | D:8      | Learned a level 2 spell: Call Imp
 10708 | D:8      | Reached skill level 5 in Short Blades
 10708 | D:8      | Reached skill level 5 in Long Blades
 10708 | D:8      | Reached skill level 5 in Axes
 10708 | D:8      | Reached skill level 5 in Maces & Flails
 10708 | D:8      | Reached skill level 5 in Staves
 10708 | D:8      | Reached skill level 5 in Slings
 10708 | D:8      | Reached skill level 5 in Bows
 10708 | D:8      | Reached skill level 5 in Crossbows
 10708 | D:8      | Reached skill level 5 in Throwing
 10708 | D:8      | Reached skill level 5 in Armour
 10708 | D:8      | Reached skill level 5 in Shields
 10708 | D:8      | Reached skill level 5 in Unarmed Combat
 10708 | D:8      | Reached skill level 5 in Spellcasting
 10708 | D:8      | Reached skill level 5 in Evocations
 11047 | D:8      | Noticed a glowing shapeshifter
 11047 | D:8      | a steam dragon changed into a glowing shapeshifter
 11047 | D:8      | Noticed a wolf spider
 11047 | D:8      | a glowing shapeshifter changed into a wolf spider
 11048 | D:8      | Noticed a great orb of eyes
 11048 | D:8      | a wolf spider changed into a great orb of eyes
 11050 | D:8      | a great orb of eyes changed into a slime creature
 11055 | D:8      | Noticed a wolf spider
 11055 | D:8      | a slime creature changed into a wolf spider
 11062 | D:8      | Killed a wolf spider
 12818 | D:9      | Received a gift from Okawaru
 12993 | D:9      | Noticed a two-headed ogre
 13013 | D:9      | Killed a two-headed ogre
 13014 | D:9      | Reached skill level 11 in Stealth
 13185 | D:9      | Reached XP level 11. HP: 42/87 MP: 14/19
 13856 | D:10     | Entered Level 10 of the Dungeon
 14005 | D:10     | Noticed math4jedi's ghost (journeyman MiGl)
 14006 | D:10     | Noticed a boulder beetle
 14015 | D:10     | Found a transporter.
 14087 | D:10     | Found a transporter.
 14148 | D:10     | Noticed Nergalle
 14177 | D:10     | Noticed a spectral orc warlord
 14198 | D:10     | HP: 4/80 [spectral orc warrior/+2 vorpal war axe[Nergalle]
                  | (2)]
 14202 | D:10     | Killed Nergalle
 14203 | D:10     | Reached skill level 5 in Conjurations
 14203 | D:10     | Reached skill level 5 in Hexes
 14203 | D:10     | Reached skill level 5 in Summonings
 14203 | D:10     | Reached skill level 5 in Necromancy
 14203 | D:10     | Reached skill level 5 in Translocations
 14203 | D:10     | Reached skill level 5 in Transmutations
 14203 | D:10     | Reached skill level 5 in Fire Magic
 14203 | D:10     | Reached skill level 5 in Ice Magic
 14203 | D:10     | Reached skill level 5 in Air Magic
 14203 | D:10     | Reached skill level 5 in Earth Magic
 14203 | D:10     | Reached skill level 5 in Poison Magic
 14219 | D:10     | HP: 4/86 [poisoned by a kobold brigand]
 14221 | D:10     | HP: 1/129 [poisoned by a kobold brigand]
 14222 | D:10     | Succumbed to a kobold brigand's poison

Illustrated notes

Levels and vault maps discovered:
D:1:      ldierk_walled_garden, layout_loops_ring,
          hellmonk_ecumenical_altar_slurped_away
D:2:      layout_loops_cross, due_unseen_surprise
D:3:      layout_rooms, serial_shops, shop, uniq_terence
D:4:      minmay_angry_zag, layout_layer_cave, ebering_ghost_inner_flame,
          roderic_lattice_a
D:5:      kennysheep_slugbush, layout_basic,
          minmay_temple_entry_drinking_statues, uniq_crazy_yiuf_cottage
D:6:      layout_loops_ring, general_overflow_altar, uniq_blork_the_orc,
          uniq_duvessa
D:7:      layout_rooms, serial_shops, nicolae_shop_waterfront, uniq_pikel,
          uniq_joseph
D:8:      layout_basic, minmay_quadrilaterals
D:9:      layout_basic, serial_ice, serial_ice_e, serial_ice_i, serial_ice_o,
          serial_ice_h
D:10:     wander_kiku_kobolds, layout_basic, erik_orc_1, gammafunk_ghost_arena,
          uniq_gastronok, uniq_nergalle
Temple:   dpeg_three_leaves_temple

Skill      XL: |  1  2  3  4  5  6  7  8  9 10 11 |
---------------+----------------------------------+-----
Stealth        | 10 11 | 11.1
Short Blades   | 1 2 3 4 5 6 |  6.0
Long Blades    | 1 2 3 4 5 6 |  6.0
Axes           | 1 2 3 4 5 6 |  6.0
Maces & Flails | 1 2 3 4 5 6 |  6.0
Staves         | 1 2 3 4 5 6 |  6.0
Slings         | 1 2 3 4 5 6 |  6.0
Bows           | 1 2 3 4 5 6 |  6.0
Crossbows      | 1 2 3 4 5 6 |  6.0
Throwing       | 1 2 3 4 5 6 |  6.0
Armour         | 1 2 3 4 5 6 |  6.0
Shields        | 1 2 3 4 5 6 |  6.0
Unarmed Combat | 1 2 3 4 5 6 |  6.0
Spellcasting   | 1 2 3 4 5 6 |  6.0
Conjurations   | 1 2 3 4 5 |  5.0
Hexes          | 1 2 3 4 5 |  5.0
Summonings     | 1 2 3 4 5 |  5.0
Necromancy     | 1 2 3 4 5 |  5.0
Translocations | 1 2 3 4 5 |  5.0
Transmutations | 1 2 3 4 5 |  5.0
Fire Magic     | 1 2 3 4 5 |  5.0
Ice Magic      | 1 2 3 4 5 |  5.0
Air Magic      | 1 2 3 4 5 |  5.0
Earth Magic    | 1 2 3 4 5 |  5.0
Poison Magic   | 1 2 3 4 5 |  5.0
Invocations    | 1 2 3 4 5 6 |  6.6
Evocations     | 1 2 3 4 5 6 |  6.0
Polearms       | 5 6 7 |  7.6
Dodging        | 5 6 7 |  7.6
Fighting       | 7 8 9 |  9.0

Action                   |  1- 3 |  4- 6 |  7- 9 | 10-12 || total
-------------------------+-------+-------+-------+-------++-------
Melee: Spear             |    41 |       |       |       ||    41
       Bite              |     9 |     5 |    27 |    28 ||    69
       Whip              |    34 |    67 |    58 |       ||   159
       Trident           |       |     1 |       |       ||     1
       Great mace        |       |       |   127 |       ||   127
       Quarterstaff      |       |       |    49 |   195 ||   244
 Fire: Hunting sling     |       |    39 |   160 |    72 ||   271
Throw: Dart              |       |       |    24 |     6 ||    30
       Stone             |       |       |     1 |       ||     1
       Javelin           |       |       |       |     1 ||     1
Evoke: Wand              |       |       |     1 |    19 ||    20
  Use: Potion            |     2 |       |     3 |     7 ||    12
       Scroll            |     1 |       |     3 |    10 ||    14
 Stab: Sleeping          |     1 |     1 |    16 |     3 ||    21
       Confused          |       |       |     1 |       ||     1
       Paralysed         |       |       |       |    22 ||    22
Armor: Leather armour    |     2 |       |       |       ||     2
       Chain mail        |    38 |       |       |       ||    38
       Ring mail         |       |    24 |       |       ||    24
       Scale mail        |       |       |   125 |    31 ||   156
       Acid dragon scale |       |       |       |    47 ||    47
Dodge: Dodged            |    30 |    68 |   149 |   142 ||   389

Table legend: (Time is in decaauts)
 A = Elapsed time spent in this place.
 B = Non-inter-level travel time spent in this place.
 C = Inter-level travel time spent in this place.
 D = Time resting spent in this place.
 E = Time spent auto-exploring this place.
 F = Levels seen in this place.
 G = Mean time per level.
                   A        B        C        D        E       F      G
               +--------+--------+--------+--------+--------+-----+--------+
         Total |  14316 |  13757 |    559 |   3165 |   8172 |  11 | 1301.5 |
       Dungeon |  14301 |  13749 |    552 |   3165 |   8172 |  10 | 1430.1 |
        Temple |     14 |      7 |      7 |      0 |      0 |   1 |   14.0 |
               +--------+--------+--------+--------+--------+-----+--------+

Top non-repeatable levels by time:
     D:4: 2790 daAuts
     D:5: 2353 daAuts
     D:6: 2353 daAuts
     D:8: 2146 daAuts
     D:9: 1161 daAuts
     D:7: 921 daAuts
     D:2: 769 daAuts
     D:3: 768 daAuts
     D:1: 674 daAuts
    D:10: 362 daAuts
  Temple: 14 daAuts
